 Dungeon Crawl Stone Soup version 0.30-a0-920-g7493c07aab (webtiles) character file.

Game seed: 5483624662045078440

18592 senseless the Skirmisher (level 12, -1/95 HPs)
             Began as a Gnoll Hunter on Mar 21, 2023.
             Was an Initiate of Cheibriados.
             Slain by Kirke (14 damage)
             ... on level 13 of the Dungeon.
             The game lasted 00:38:40 (10524 turns).

senseless the Skirmisher (Gnoll Hunter)            Turns: 10524, Time: 00:38:40

Health: -1/95      AC:  0    Str:  8    XL:     12   Next: 60%
Magic:  23/23      EV: 21    Int: 11    God:    Cheibriados [......]
Gold:   2170       SH:  5    Dex: 20    Spells: 22/26 levels left

rFire   . . .      SeeInvis .    a - melded +0 arbalest
rCold   . . .      Faith    .    (shield currently unavailable)
rNeg    + . .      Spirit   .    r - melded +8 ring mail of Hedge Wizardry {rF+ Regen+ Dex+4}
rPois   .          Reflect  +    N - melded +0 mask of the Dragon {Will+ Slay+3 SInv}
rElec   .          Rampage  .    (cloak currently unavailable)
rCorr   .                        F - melded +0 pair of gloves
Will    .....                    g - melded +2 pair of boots
Stlth   ++++                     j - amulet "Xalixoon" {Reflect +Blink rN+ Regen+ Str-4 SH+5}
HPRegen 1.15/turn                I - melded +5 ring of evasion
MPRegen 0.18/turn                L - melded +4 ring of slaying

@: pig-form (expiring), slowed, very slow
A: fast, no casting, small, (fangs 1), strong nose, distributed training
a: Renounce Religion, Evoke Blink


You were on level 13 of the Dungeon.
You worshipped Cheibriados.
Cheibriados was noncommittal.
You were a filthy swine.
You visited 1 branch of the dungeon, and saw 14 of its levels.
You also visited: Trove.

You collected 2170 gold pieces.

Inventory:

Hand Weapons
 a - a +0 arbalest (melded)
 b - a +4 war axe of freezing
 q - a +3 scimitar of flaming
 z - a +3 shortbow
 R - a +2 antimagic broad axe
 Z - a +3 dire flail
Armour
 g - a +2 pair of boots (melded)
 r - the +8 ring mail of Hedge Wizardry (melded) {rF+ Regen+ Dex+4}
   (You found it on level 5 of the Dungeon)

   Dex:       It affects your dexterity (+4).
   rF:        It protects you from fire.
   Regen:     It increases your rate of health regeneration.
 E - a +0 hat of willpower
 F - a +0 pair of gloves (melded)
 N - the +0 mask of the Dragon (melded) {Will+ Slay+3 SInv}
   (You found it in a treasure trove)

   Slay:      It affects your accuracy & damage with ranged weapons and melee
   (+3).
   SInv:      It lets you see invisible.
   Will:      It increases your willpower.
 P - a +2 plate armour of cold resistance
Jewellery
 f - a +6 ring of strength
 j - the amulet "Xalixoon" (around neck) {Reflect +Blink rN+ Regen+ Str-4 SH+5}
   (You acquired it on level 9 of the Dungeon)

   [amulet of reflection]

   It reflects blocked missile attacks.
   Str:       It affects your strength (-4).
   rN:        It protects you from negative energy.
   +Blink:    It lets you blink.
   Regen:     It increases your rate of health regeneration.
   SH:        It affects your SH (+5).
 l - a ring of protection from cold
 m - a ring of protection from fire
 I - a +5 ring of evasion (melded)
 J - the amulet of Arrival {Faith rC+ SInv}
   (You found it in a treasure trove)

   [amulet of faith]

   It allows you to gain divine favour quickly.
   rC:        It protects you from cold.
   SInv:      It lets you see invisible.
 L - a +4 ring of slaying (melded)
 O - the amulet of the Four Winds {rN+ Will+++ Clar}
   (You found it in a treasure trove)

   [amulet of nothing]

   rN:        It protects you from negative energy.
   Clar:      It protects you against confusion.
   Will:      It greatly increases your willpower.
 T - a ring of magical power
 V - the ring "Mets" {Str+3 Int+5 Dex+2 SInv}
   (You found it on level 12 of the Dungeon)

   [ring of see invisible]

   Str:       It affects your strength (+3).
   Int:       It affects your intelligence (+5).
   Dex:       It affects your dexterity (+2).
   SInv:      It lets you see invisible.
Wands
 t - a wand of iceblast (13)
 w - a wand of quicksilver (11)
 y - a wand of charming (15)
 B - a wand of digging (6)
 U - a wand of polymorph (2)
 Y - a wand of flame (20)
Scrolls
 c - 5 scrolls of amnesia
 d - 2 scrolls of fog
 p - 4 scrolls of teleportation
 A - 5 scrolls of poison
 C - a scroll of fear
 H - 2 scrolls of identify
 K - a scroll of magic mapping
 S - a scroll of silence
Potions
 e - a potion of resistance
 h - 4 potions of heal wounds
 i - 7 potions of curing
 k - 3 potions of lignification
 n - 3 potions of ambrosia
 o - a potion of invisibility
 s - 5 potions of might
 u - 2 potions of flight
 v - 2 potions of brilliance
 x - 4 potions of cancellation
 W - 2 potions of magic
 X - a potion of berserk rage
Miscellaneous
 Q - a phantom mirror


   Skills:
 + Level 9.1 Fighting
 + Level 7.7 Short Blades
 + Level 7.7 Long Blades
 + Level 7.7 Axes
 + Level 7.7 Maces & Flails
 + Level 7.7 Polearms
 + Level 7.7 Staves
 + Level 11.4 Ranged Weapons
 + Level 7.7 Throwing
 + Level 7.7 Armour
 + Level 9.1 Dodging
 + Level 8.1 Stealth
 + Level 7.7 Shields
 + Level 7.7 Unarmed Combat
 + Level 7.7 Spellcasting
 + Level 6.4 Conjurations
 + Level 6.4 Hexes
 + Level 6.4 Summonings
 + Level 6.4 Necromancy
 + Level 6.4 Translocations
 + Level 6.4 Transmutations
 + Level 6.4 Fire Magic
 + Level 6.4 Ice Magic
 + Level 6.4 Air Magic
 + Level 6.4 Earth Magic
 + Level 6.4 Poison Magic
 + Level 8.4 Invocations
 + Level 7.7 Evocations


You had 22 spell levels left.
You knew the following spells:

 Your Spells              Type           Power      Damage    Failure   Level
a - Beastly Appendage     Tmut           36%        N/A       1%          1
b - Tukima's Dance        Hex            18%        N/A       3%          3

Your spell library contained the following spells:

 Spells                   Type           Power      Damage    Failure   Level
 Kiss of Death            Conj/Necr      72%        2d10      1%          1
 Sandblast                Erth           36%        2d10      1%          1
 Cigotuvi's Dreadful Rot  Necr/Pois/Air  36%        N/A       1%          2
 Ensorcelled Hibernation  Hex/Ice        36%        N/A       1%          2
 Passwall                 Tmut/Erth      15%        N/A       1%          2
 Poisonous Vapours        Pois/Air       36%        N/A       1%          2
 Wereblood                Tmut           18%        N/A       1%          2
 Mephitic Cloud           Conj/Pois/Air  18%        N/A       3%          3
 Spider Form              Tmut/Pois      18%        N/A       3%          3
 Stone Arrow              Conj/Erth      36%        3d9       3%          3
 Swiftness                Air            18%        N/A       3%          3
 Vhi's Electric Charge    Tloc/Air       36%        N/A       3%          3
 Airstrike                Air            9%         2d(2-18)  12%         4
 Leda's Liquefaction      Hex/Erth       9%         N/A       12%         4
 Passage of Golubria      Tloc           18%        N/A       12%         4
 Petrify                  Tmut/Erth      18%        N/A       12%         4
 Summon Lightning Spire   Summ/Air       18%        N/A       12%         4
 Arcjolt                  Conj/Air       9%         1d19      32%         5
 Lee's Rapid Deconstruct  Erth           9%         3d7*      32%         5
 Plasma Beam              Fire/Air       9%         2x1d21    32%         5
 Yara's Violent Unravell  Hex/Tmut       9%         3d6       32%         5
 Lehudib's Crystal Spear  Conj/Erth      9%         10d4      100%        8
 Maxwell's Capacitive Co  Air            9%         ∞         100%        8


Dungeon Overview and Level Annotations

Branches:
Dungeon (14/15)            Temple (0/1) D:6            Lair (0/5) D:8
    Orc (0/2) D:12
 Vaults: D:13-14

Altars:
Ashenzari
Cheibriados
Dithmenos
Elyvilon
Fedhas
Gozag
Okawaru
Sif Muna
Trog
Vehumet
Zin
The Shining One

Shops:
D:1 *   D:3 *   D:4 :   D:5 (   D:11 *

Annotations:
D:8 3 runed translucent doors, caveywoolpert's ghost, novice GrEE
D:13 2 runed translucent doors, exclusion: orange crystal statue, Kirke


Innate Abilities, Weirdness & Mutations

You are a filthy swine.
You move quickly.
Your equipment is almost entirely melded.
You are incapable of wielding weapons or throwing items.
You cannot cast spells.
((You have very sharp teeth.))
Your uncanny sense of smell can sniff out nearby items.
Your experience applies equally to all skills.


Message History

The lindwurm breathes flames at you. The blast of flame hits you!!
You climb upwards.
The lindwurm disappears in a puff of smoke!
Level annotation: 2 runed translucent doors, exclusion: orange crystal statue
There is a stone staircase leading down, spattered with blood here.
Kirke misses you.
You blink.
Kirke points at you and mumbles some strange words.
You feel a momentary urge to oink.
You feel stable enough to blink again.
Kirke points at you and mumbles some strange words.
You struggle to resist.
Kirke casts a spell at you.
You feel yourself slow down.
There is an open door, spattered with blood here.
Kirke casts a spell.
Nothing appears to happen.
Kirke's hands start to glow.
There is an escape hatch in the floor, spattered with blood here.
You see here a hydra corpse.
The lindwurm roars!
The lindwurm breathes flames at you. The blast of flame hits you!!!
Kirke misses you.
There is an open door here.
Kirke shouts, "You pig!
I'll make you look the way you deserve."
You block the lindwurm's attack. x2; The lindwurm closely misses you.
Kirke completely misses you. The lindwurm bites you! The lindwurm claws you.
The lindwurm closely misses you. Kirke closely misses you.
The lindwurm breathes flames at you. The blast of flame hits you!!!
* * * LOW HITPOINT WARNING * * *
There is an open door, spattered with blood here.
Kirke hits you.
* * * LOW HITPOINT WARNING * * *
Your transformation is almost over.
Kirke hits you!
You die...

#.# #..........#
#####'#####..........#
.................?...#
................@....#
.............#######.#
.............### #.#
.<...........'.### #.#
.............#k@.# #.#
...........(.###h###.#
#########....'..>....#
#....######### #....#
######


You could see Kirke and a lindwurm (summoned).

Vanquished Creatures
  Gastronok (D:9)
  A hydra (D:13)
  A death knight (D:10)
  A centaur warrior (D:13)
  2 boulder beetles
  2 tengu warriors (D:13)
  4 two-headed ogres
  A skeletal warrior (D:11)
  A deep elf pyromancer (D:13)
  An ugly thing (D:13)
  A manticore (D:13)
  A cyclops (D:13)
  A gargoyle (D:13)
  2 unseen horrors
  An efreet (D:13)
  2 trolls
  A hornet (D:7)
  Prince Ribbit (D:8)
  3 slime creatures (D:12)
  A shadow (D:10)
  A vampire (D:12)
  2 wyverns
  A hog (D:14)
  4 water elementals (D:13)
  8 yaks
  2 wargs (D:8)
  3 black bears (D:6)
  3 ice beasts
  An orc warrior (D:8)
  3 sky beasts
  3 ogres
  7 centaurs
  A phantom (D:6)
  4 kobold brigands
  4 bullfrogs
  A gnoll sergeant (D:7)
  3 scorpions
  6 wights
  4 killer bees (D:7)
  7 howler monkeys
  A vampire bat (D:10)
  3 electric eels (D:13)
  2 hounds
  4 orc priests
  Jessica (D:3)
  2 sleepcaps (D:6)
  3 iguanas (D:6)
  10 orc wizards
  Robin (D:2)
  10 gnolls
  10 adders
  A shadow imp (D:6)
  2 white imps (D:6)
  3 ufetubi
  A worm (D:2)
  A dart slug (D:1)
  23 orcs
  10 bats
  7 endoplasms
  A giant cockroach (D:2)
  14 goblins
  5 hobgoblins
  3 jackals (D:3)
  4 quokkas
  4 ball pythons
  4 frilled lizards
  A goblin zombie (D:6)
  4 hobgoblin zombies (D:6)
  8 kobolds
  2 kobold skeletons (D:6)
  2 orc skeletons (D:6)
  2 orc zombies (D:6)
  5 rats
251 creatures vanquished.

Vanquished Creatures (collateral kills)
  A hound (D:5)
1 creature vanquished.

Vanquished Creatures (others)
  4 plants (D:4)
4 creatures vanquished.

Grand Total: 256 creatures vanquished

Notes
Turn   | Place    | Note
-------+----------+-------------------------------------------
     0 | D:1      | senseless the Gnoll Hunter began the quest for the Orb.
     0 | D:1      | Reached XP level 1. HP: 20/20 MP: 1/1
   254 | D:1      | Reached XP level 2. HP: 26/26 MP: 2/2
   269 | D:1      | Found Atipaydu's General Store.
   614 | D:1      | Found a faded altar of an unknown god.
   622 | D:1      | Prayed at the altar of an unknown god.
   622 | D:1      | Became a worshipper of Cheibriados the Contemplative
   622 | D:1      | Reached * piety under Cheibriados
  1051 | D:2      | Reached XP level 3. HP: 31/31 MP: 2/4
  1057 | D:2      | Noticed a scorpion
  1058 | D:2      | Reached skill level 1 in Invocations
  1068 | D:2      | Killed a scorpion
  1069 | D:2      | Reached skill level 1 in Short Blades
  1069 | D:2      | Reached skill level 1 in Long Blades
  1069 | D:2      | Reached skill level 1 in Axes
  1069 | D:2      | Reached skill level 1 in Maces & Flails
  1069 | D:2      | Reached skill level 1 in Polearms
  1069 | D:2      | Reached skill level 1 in Staves
  1069 | D:2      | Reached skill level 1 in Throwing
  1069 | D:2      | Reached skill level 1 in Armour
  1069 | D:2      | Reached skill level 1 in Shields
  1069 | D:2      | Reached skill level 1 in Unarmed Combat
  1069 | D:2      | Reached skill level 1 in Spellcasting
  1069 | D:2      | Reached skill level 1 in Conjurations
  1069 | D:2      | Reached skill level 1 in Hexes
  1069 | D:2      | Reached skill level 1 in Summonings
  1069 | D:2      | Reached skill level 1 in Necromancy
  1069 | D:2      | Reached skill level 1 in Translocations
  1069 | D:2      | Reached skill level 1 in Transmutations
  1069 | D:2      | Reached skill level 1 in Fire Magic
  1069 | D:2      | Reached skill level 1 in Ice Magic
  1069 | D:2      | Reached skill level 1 in Air Magic
  1069 | D:2      | Reached skill level 1 in Earth Magic
  1069 | D:2      | Reached skill level 1 in Poison Magic
  1069 | D:2      | Reached skill level 1 in Evocations
  1069 | D:2      | Reached XP level 4. HP: 9/38 MP: 3/5
  1234 | D:2      | Reached ** piety under Cheibriados
  1237 | D:2      | Noticed Robin
  1251 | D:2      | Reached XP level 5. HP: 21/43 MP: 7/7
  1259 | D:2      | Killed Robin
  1667 | D:3      | Noticed Jessica
  1671 | D:3      | Killed Jessica
  2138 | D:3      | Reached *** piety under Cheibriados
  2240 | D:3      | Reached XP level 6. HP: 50/50 MP: 8/8
  2249 | D:3      | Reached skill level 5 in Fighting
  2249 | D:3      | Reached skill level 5 in Dodging
  2256 | D:3      | Found Latyasoc's General Store.
  2313 | D:3      | Found a shadowy altar of Dithmenos.
  2528 | D:4      | Found a radiant altar of Vehumet.
  2738 | D:4      | Reached **** piety under Cheibriados
  2769 | D:4      | Noticed an ice beast
  2775 | D:4      | Killed an ice beast
  2776 | D:4      | Reached XP level 7. HP: 56/56 MP: 10/10
  2804 | D:4      | Found a broken altar of Ashenzari.
  2896 | D:4      | Found Siluturgh's Book Emporium.
  3049 | D:4      | Found a white marble altar of Elyvilon.
  3114 | D:4      | Found a glowing silver altar of Zin.
  3114 | D:4      | Found an opulent altar of Gozag.
  3159 | D:5      | Entered Level 5 of the Dungeon
  3239 | D:5      | Reached skill level 9 in Ranged Weapons
  3343 | D:5      | Identified the +8 ring mail of Hedge Wizardry {rF+ Regen+
                  | Dex+4}
  3434 | D:5      | Found Offeph's Antique Weapon Emporium.
  3830 | D:5      | Reached XP level 8. HP: 63/63 MP: 12/12
  3882 | D:6      | Found a bloodstained altar of Trog.
  3932 | D:6      | Found a glowing golden altar of the Shining One.
  4077 | D:6      | Noticed a boulder beetle
  4121 | D:6      | Killed a boulder beetle
  4122 | D:6      | Reached XP level 9. HP: 69/69 MP: 13/15
  4154 | D:6      | Reached skill level 5 in Stealth
  4237 | D:6      | Got the Compilation of the Arcane
  4388 | D:6      | Found a staircase to the Ecumenical Temple.
  4609 | D:7      | Reached skill level 5 in Invocations
  4652 | D:7      | Reached ***** piety under Cheibriados
  4792 | D:7      | Learned a level 1 spell: Beastly Appendage
  4880 | D:7      | Found a shimmering blue altar of Sif Muna.
  5228 | D:7      | Reached skill level 5 in Short Blades
  5228 | D:7      | Reached skill level 5 in Long Blades
  5228 | D:7      | Reached skill level 5 in Axes
  5228 | D:7      | Reached skill level 5 in Maces & Flails
  5228 | D:7      | Reached skill level 5 in Polearms
  5228 | D:7      | Reached skill level 5 in Staves
  5228 | D:7      | Reached skill level 5 in Throwing
  5228 | D:7      | Reached skill level 5 in Armour
  5228 | D:7      | Reached skill level 5 in Shields
  5228 | D:7      | Reached skill level 5 in Unarmed Combat
  5228 | D:7      | Reached skill level 5 in Spellcasting
  5228 | D:7      | Reached skill level 5 in Evocations
  5228 | D:7      | Reached XP level 10. HP: 70/77 MP: 17/17
  5284 | D:8      | Noticed Prince Ribbit
  5333 | D:7      | Reached skill level 10 in Ranged Weapons
  5585 | D:8      | Killed Prince Ribbit
  5687 | D:8      | Found an iron altar of Okawaru.
  5690 | D:8      | Found a runed translucent gate.
  5695 | D:8      | Found a runed translucent gate.
  5695 | D:8      | Found a runed translucent gate.
  5765 | D:8      | Noticed a two-headed ogre
  5837 | D:8      | Found a staircase to the Lair.
  5925 | D:8      | Noticed caveywoolpert's ghost (novice GrEE)
  6010 | D:8      | Killed a two-headed ogre
  6586 | D:9      | Noticed Gastronok
  6598 | D:9      | Killed Gastronok
  6599 | D:9      | Reached skill level 5 in Conjurations
  6599 | D:9      | Reached skill level 5 in Hexes
  6599 | D:9      | Reached skill level 5 in Summonings
  6599 | D:9      | Reached skill level 5 in Necromancy
  6599 | D:9      | Reached skill level 5 in Translocations
  6599 | D:9      | Reached skill level 5 in Transmutations
  6599 | D:9      | Reached skill level 5 in Fire Magic
  6599 | D:9      | Reached skill level 5 in Ice Magic
  6599 | D:9      | Reached skill level 5 in Air Magic
  6599 | D:9      | Reached skill level 5 in Earth Magic
  6599 | D:9      | Reached skill level 5 in Poison Magic
  6679 | D:9      | Reached XP level 11. HP: 85/85 MP: 20/20
  7201 | D:9      | Identified a scroll of acquirement
  7201 | D:9      | Acquired the amulet "Xalixoon" {Reflect +Blink rN+ Regen+
                  | Str-4 SH+5}
  7209 | D:10     | Entered Level 10 of the Dungeon
  7284 | D:10     | Reached ****** piety under Cheibriados
  7287 | D:10     | Found a blossoming altar of Fedhas.
  7339 | D:10     | Identified the +0 plate armour of the Villain {Rampage
                  | Drain Int+2}
  7612 | D:10     | Noticed a death knight
  7619 | D:10     | Killed a death knight
  8153 | D:11     | Found a portal to a secret trove of treasure.
  8215 | Trove    | Entered a treasure trove
  8219 | Trove    | Identified the amulet of Arrival {Faith rC+ SInv}
  8232 | Trove    | Got Qemuquu's Atlas of Contamination and the Mesa
  8252 | Trove    | Found the +0 mask of the Dragon {Will+ Slay+3 SInv}
  8254 | Trove    | Found the amulet of the Four Winds {rN+ Will+++ Clar}
  8386 | D:11     | Noticed a boulder beetle
  8404 | D:11     | Killed a boulder beetle
  8503 | D:11     | Noticed a two-headed ogre
  8511 | D:11     | Killed a two-headed ogre
  8603 | D:11     | Noticed a two-headed ogre
  8608 | D:11     | Killed a two-headed ogre
  8809 | D:11     | Found Yludio's Mayhem Merchandise.
  8829 | D:11     | Noticed a boulder beetle
  9145 | D:12     | Found a staircase to the Orcish Mines.
  9184 | D:12     | Noticed a skeletal warrior
  9186 | D:12     | Noticed a skeletal warrior
  9188 | D:12     | Noticed a skeletal warrior
  9198 | D:12     | HP: 1/87 [skeletal warrior/+0 glaive (4)]
  9261 | D:12     | Identified the ring "Mets" {Str+3 Int+5 Dex+2 SInv}
  9364 | D:12     | Reached skill level 11 in Ranged Weapons
  9446 | D:11     | Killed a skeletal warrior
  9477 | D:11     | Learned a level 3 spell: Tukima's Dance
  9608 | D:12     | Noticed a two-headed ogre
  9616 | D:12     | Killed a two-headed ogre
  9655 | D:13     | Noticed a cyclops
  9658 | D:13     | Killed a cyclops
  9659 | D:13     | Reached XP level 12. HP: 94/94 MP: 22/22
  9703 | D:13     | Found a runed translucent door.
  9709 | D:13     | Found the +10 tower shield of Ignorance {rN+ Int-4}
  9726 | D:13     | Found a runed translucent door.
  9908 | D:13     | Noticed a centaur warrior
  9920 | D:13     | Killed a centaur warrior
 10094 | D:13     | Noticed a tengu warrior
 10096 | D:13     | Noticed a tengu warrior
 10117 | D:13     | Killed a tengu warrior
 10132 | D:13     | Killed a tengu warrior
 10449 | D:14     | Noticed an eight-headed hydra
 10457 | D:13     | Killed a six-headed hydra
 10486 | D:14     | Noticed Kirke
 10524 | D:13     | Slain by Kirke

Illustrated notes

Levels and vault maps discovered:
D:1:      onia_arrival_mini_maze_b, layout_loops_corners,
          basic_ecumenical_altar, serial_shops, shop
D:2:      layout_rooms, minmay_misc_feat_tower, uniq_robin
D:3:      layout_loops_cross, grunt_dithmenos_smoke_and_mirrors, serial_shops,
          nicolae_shop_waterfront, roderic_three_in_a_row, uniq_jessica
D:4:      layout_cave_pools, grunt_temple_overflow_gold_and_silver,
          nicolae_ashenzari_panopticon, nicolae_elyvilon_temple_path,
          mainiacjoe_overflow_alcove_4, serial_shops, shop
D:5:      layout_basic, serial_shops, nicolae_shop_overgrown_old_shop
D:6:      cheibrodos_barr_body, layout_rooms, nicolae_tso_besieged_by_evil,
          bloody_trog, minmay_temple_entry_fiery
D:7:      layout_basic, mainiacjoe_overflow_alcove_1, kennysheep_nub
D:8:      layout_cave_pools, mainiacjoe_overflow_tiny_flanked,
          erik_lair_orcish_takeover, gammafunk_ghost_icy, uniq_prince_ribbit1
D:9:      layout_cave_pods, uniq_gastronok
D:10:     layout_loops_ring, fedhas_altar_fruit_tree, roderic_batcave
D:11:     layout_basic, enter_trove_0, minivault_19, minmay_stone_trees_small,
          minmay_shop_mayhem
D:12:     layout_basic, orc_0_dummy
D:13:     layout_basic, chequers_guarded_unrand_ignorance
D:14:     layout_basic, hangedman_vaults_entry_quadrant_bands,
          chequers_big_river, tgw_sif, uniq_kirke

Skill      XL: |  1  2  3  4  5  6  7  8  9 10 11 12 |
---------------+-------------------------------------+-----
Invocations    | 1 2 3 4 5 6 7 8 |  8.4
Short Blades   | 1 2 3 4 5 6 7 |  7.7
Long Blades    | 1 2 3 4 5 6 7 |  7.7
Axes           | 1 2 3 4 5 6 7 |  7.7
Maces & Flails | 1 2 3 4 5 6 7 |  7.7
Polearms       | 1 2 3 4 5 6 7 |  7.7
Staves         | 1 2 3 4 5 6 7 |  7.7
Throwing       | 1 2 3 4 5 6 7 |  7.7
Armour         | 1 2 3 4 5 6 7 |  7.7
Shields        | 1 2 3 4 5 6 7 |  7.7
Unarmed Combat | 1 2 3 4 5 6 7 |  7.7
Spellcasting   | 1 2 3 4 5 6 7 |  7.7
Conjurations   | 1 2 3 4 5 6 |  6.4
Hexes          | 1 2 3 4 5 6 |  6.4
Summonings     | 1 2 3 4 5 6 |  6.4
Necromancy     | 1 2 3 4 5 6 |  6.4
Translocations | 1 2 3 4 5 6 |  6.4
Transmutations | 1 2 3 4 5 6 |  6.4
Fire Magic     | 1 2 3 4 5 6 |  6.4
Ice Magic      | 1 2 3 4 5 6 |  6.4
Air Magic      | 1 2 3 4 5 6 |  6.4
Earth Magic    | 1 2 3 4 5 6 |  6.4
Poison Magic   | 1 2 3 4 5 6 |  6.4
Evocations     | 1 2 3 4 5 6 7 |  7.7
Stealth        | 3 4 5 6 7 8 |  8.1
Fighting       | 5 6 7 8 9 |  9.1
Dodging        | 5 6 7 8 9 |  9.1
Ranged Weapons | 9 10 11 | 11.4

Action                     |  1- 3 |  4- 6 |  7- 9 | 10-12 || total
---------------------------+-------+-------+-------+-------++-------
  Melee: Dagger            |     7 |     9 |       |       ||    16
         Bite              |     1 |       |    14 |    19 ||    34
         Scimitar          |       |       |    79 |    77 ||   156
         Punch             |       |       |     1 |     6 ||     7
         Kick              |       |       |       |    34 ||    34
         Headbutt          |       |       |       |    26 ||    26
         War axe           |       |       |       |    54 ||    54
   Fire: Shortbow          |    43 |   140 |   183 |   252 ||   618
         Arbalest          |       |       |       |    36 ||    36
   Cast: Beastly Appendage |       |       |     1 |    13 ||    14
         Tukima's Dance    |       |       |       |     1 ||     1
Ability: Evoke Blink       |       |       |       |     1 ||     1
    Use: Scroll            |     5 |     6 |     7 |    11 ||    29
         Potion            |       |     5 |       |       ||     5
 Armour: Leather armour    |     2 |    13 |     4 |       ||    19
         Ring mail         |       |       |    51 |    90 ||   141
  Dodge: Dodged            |     4 |    47 |   139 |   274 ||   464
  Block: Other             |       |       |       |    41 ||    41
         Reflection        |       |       |       |     2 ||     2

Table legend: (Time is in decaauts)
 A = Elapsed time spent in this place.
 B = Non-inter-level travel time spent in this place.
 C = Inter-level travel time spent in this place.
 D = Time resting spent in this place.
 E = Time spent auto-exploring this place.
 F = Levels seen in this place.
 G = Mean time per level.
                   A        B        C        D        E       F      G
               +--------+--------+--------+--------+--------+-----+--------+
         Total |  15666 |  14184 |   1482 |    391 |  11511 |  15 | 1044.4 |
       Dungeon |  15546 |  14064 |   1482 |    391 |  11511 |  14 | 1110.4 |
         Trove |    120 |    120 |      0 |      0 |      0 |   1 |  120.0 |
               +--------+--------+--------+--------+--------+-----+--------+

Top non-repeatable levels by time:
     D:9: 1722 daAuts
    D:10: 1663 daAuts
     D:7: 1545 daAuts
     D:8: 1339 daAuts
     D:3: 1199 daAuts
     D:5: 1094 daAuts
    D:11: 1094 daAuts
     D:2: 1050 daAuts
     D:4: 1039 daAuts
     D:6: 1029 daAuts
    D:13: 1005 daAuts
     D:1: 993 daAuts
    D:12: 752 daAuts
   Trove: 120 daAuts
    D:14: 17 daAuts
